 Dungeon Crawl Stone Soup version 0.32-a0-876-gcfddb08e57 (webtiles) character file.

Game seed: 9056702402432186843

1076 Anderan the Cleaver (level 8, -1/67 HPs)
             Began as a Mountain Dwarf Fighter on Mar 31, 2024.
             Was a Follower of Okawaru.
             Slain by a yak (4 damage)
             ... on level 7 of the Dungeon.
             The game lasted 00:26:57 (7282 turns).

Anderan the Cleaver (Mountain Dwarf Fighter)        Turns: 7282, Time: 00:26:57

Health: -1/67      AC: 18    Str: 22    XL:     8   Next: 8%
Magic:  6/8        EV: 10    Int:  8    God:    Okawaru [*.....]
Gold:   511        SH:  5    Dex:  9    Spells: 7/7 levels left

rFire   . . .        a - +0 war axe
rCold   . . .        c - +0 buckler
rNeg    . . .        b - +0 scale mail
rPois   +            L - +1 helmet
rElec   .            s - +2 cloak
rCorr   +            H - +2 pair of gloves
SInv    .            (no boots)
Will    .....        (no amulet)
Stlth   ++           n - ring of resist corrosion
HPRegen 0.31/turn    q - ring of poison resistance
MPRegen 0.11/turn

%: no passive effects
@: mighty, heroic
A: runic magic, artefact enchanting
a: Renounce Religion, Heroism


You were on level 7 of the Dungeon.
You worshipped Okawaru.
Okawaru was aware of your devotion.
You visited 2 branches of the dungeon, and saw 8 of its levels.

You collected 511 gold pieces.

Inventory:

Hand Weapons
 a - a +0 war axe (weapon)
 l - a +0 heavy scythe
 G - a +1 dagger of venom
Missiles
 g - 2 throwing nets (quivered)
Armour
 b - a +0 scale mail (worn)
 c - a +0 buckler (worn)
 s - a +2 cloak (worn)
 w - the +0 leather armour of the Butterfly {Dex+2}
   (You found it on level 4 of the Dungeon)

   Dex+2:     It affects your dexterity (+2).
 H - a +2 pair of gloves (worn)
 L - a +1 helmet (worn)
Jewellery
 n - a ring of resist corrosion (left hand)
 p - a ring of flight
 q - a ring of poison resistance (right hand)
 r - a ring of see invisible
 t - an amulet of faith
Talismans
 K - a beast talisman
Wands
 k - a wand of polymorph (5)
 y - a wand of paralysis (11)
 I - a wand of roots (8)
Scrolls
 e - a scroll of blinking {unknown}
 f - a scroll of vulnerability {unknown}
 h - 4 scrolls of enchant weapon {unknown}
 i - 3 scrolls of enchant armour {unknown}
 m - 6 scrolls of identify {unknown}
 x - a scroll of immolation {unknown}
 z - 5 scrolls of teleportation {unknown}
 A - a scroll of poison {unknown}
 C - 2 scrolls of fog {unknown}
Potions
 d - 3 potions of might
 j - 2 potions of ambrosia {unknown}
 o - 2 potions of curing {unknown}
 u - a potion of invisibility {unknown}
 v - 2 potions of enlightenment {unknown}
 B - a potion of attraction {unknown}
 D - 2 potions of lignification {unknown}
 E - 3 potions of heal wounds {unknown}
 F - 2 potions of magic {unknown}


   Skills:
 + Level 4.7(9.7) Fighting
 + Level 8.1(13.1) Axes
 + Level 5.2(10.2) Armour
 + Level 1.8(6.8) Dodging
 + Level 1.0(6.0) Stealth
 + Level 4.9(9.9) Shields
 + Level 0.7 Invocations


You had 7 spell levels left.
You didn't know any spells.
Your spell library contained the following spells:

 Spells                   Type           Power      Damage    Failure   Level
 Necrotise                Necr           0%         1d4       52%         1
 Sandblast                Erth           0%         2d4       52%         1
 Shock                    Conj/Air       0%         1d3       52%         1
 Blink                    Tloc           0%         N/A       67%         2
 Cigotuvi's Dreadful Rot  Necr/Alch/Air  0%         N/A       67%         2
 Lesser Beckoning         Tloc           0%         N/A       67%         2
 Momentum Strike          Conj/Tloc      0%         3d8       67%         2
 Stone Arrow              Conj/Erth      0%         3d7       88%         3
 Swiftness                Air            0%         N/A       88%         3
 Vampiric Draining        Necr           0%         2d6       88%         3
 Airstrike                Air            0%         2d(0-16)  99%         4
 Brom's Barrelling Bould  Conj/Erth      0%         2d3       99%         4
 Dispel Undead            Necr           0%         3d6       99%         4
 Curse of Agony           Necr           0%         N/A       100%        5
 Yara's Violent Unravell  Hex/Alch       0%         3d3       100%        5
 Tukima's Dance           Hex            Unusable   N/A       N/A         3
 Martyr's Knell           Necr/Summ      Unusable   N/A       N/A         4

Dungeon Overview and Level Annotations

Branches:
Dungeon (7/15)             Temple (1/1) D:5

Altars:
Ashenzari
Cheibriados
Dithmenos
Elyvilon
Fedhas
Hepliaklqana
Kikubaaqudgha
Makhleb
Nemelex Xobeh
Okawaru
Qazlal
Ru
Sif Muna
Trog
Uskayaw
Vehumet
Wu Jian
Xom
Yredelemnul
Zin
The Shining One


Innate Abilities, Weirdness & Mutations

Your spellcasting is much less encumbered by armour.
You can use scrolls of enchantment on lesser artefacts.


Message History

You slash the yak!
The yak is severely wounded.
You hit the yak. The yak barely misses you.
A yak comes into view.
The yak barely misses you. The yak gores you. The yak completely misses you.
You barely miss the yak.
The yak is severely wounded.
You hit the yak.
A yak comes into view.
The yak barely misses you. The yak closely misses you.
You gain the combat prowess of a mighty hero.
You block the yak's attack. x2; The yak closely misses you.
You barely miss the yak.
The yak is severely wounded.
You barely miss the yak.
The yak bellows!
You hit the yak.
A yak comes into view.
You block the yak's attack. The yak gores you but does no damage.
The yak gores you!
You barely miss the yak.
The yak is severely wounded.
You completely miss the yak.
The yak bellows!
You slash the yak! You closely miss the yak.
The yak is severely wounded.
You hit the yak. You slash the yak! The yak gores you! x2
* * * LOW HITPOINT WARNING * * *
You block the yak's attack.
You hit the yak but do no damage.
The yak is severely wounded.
You slash the yak! You completely miss the yak. The yak gores you.
* * * LOW HITPOINT WARNING * * *
The yak barely misses you. The yak gores you but does no damage.
You feel very mighty all of a sudden. The yak gores you!
* * * LOW HITPOINT WARNING * * *
The yak gores you.
You die...

#.# #.# #.. #.#
#.# #..
.######.###.### ..
............##. ..
#######.######. #.
#.# #. #. #.# #.
#.###Y#########.#
#.
#...YY@.........#
#.
.....YY###########
#. ######Y ## #.
#. #. #. #.


You could see 6 yaks.

Vanquished Creatures
  Sigmund (D:2)
  Duvessa (D:5)
  3 scorpions (D:5)
  Dowan (D:5)
  2 bombardier beetles
  An orc priest (D:6)
  4 hounds
  A jelly (D:6)
  2 sleepcaps (D:4)
  An iguana (D:6)
  An orc wizard (D:4)
  3 gnolls (D:5)
  8 adders
  A shadow imp (D:5)
  2 white imps
  4 ribbon worms
  2 dart slugs (D:4)
  15 orcs
  7 ball pythons
  6 endoplasms
  5 giant cockroaches
  9 goblins
  7 hobgoblins
  4 jackals (D:3)
  A quokka (D:1)
  5 bats
  3 frilled lizards
  7 kobolds
  8 rats
115 creatures vanquished.

Vanquished Creatures (others)
  A hobgoblin (D:4)
1 creature vanquished.

Grand Total: 116 creatures vanquished

Notes
Turn   | Place    | Note
-------+----------+-------------------------------------------
     0 | D:1      | Anderan the Mountain Dwarf Fighter began the quest for the
                  | Orb.
     0 | D:1      | Reached XP level 1. HP: 19/19 MP: 1/1
   599 | D:1      | Reached XP level 2. HP: 26/26 MP: 2/2
  1104 | D:2      | Reached skill level 3 in Axes
  1199 | D:2      | Found a faded altar of an unknown god.
  1216 | D:2      | Prayed at the altar of an unknown god.
  1216 | D:2      | Became a worshipper of Warmaster Okawaru
  1216 | D:2      | Reached * piety under Okawaru
  1315 | D:2      | Reached XP level 3. HP: 15/31 MP: 3/3
  1570 | D:2      | Reached skill level 4 in Axes
  1773 | D:2      | Reached XP level 4. HP: 38/38 MP: 4/4
  1999 | D:2      | Noticed Sigmund
  2010 | D:2      | Killed Sigmund
  2010 | D:2      | Reached ** piety under Okawaru
  2011 | D:2      | Reached skill level 5 in Axes
  2011 | D:2      | Reached XP level 5. HP: 29/46 MP: 2/5
  2665 | D:3      | Reached skill level 1 in Dodging
  2665 | D:3      | Reached XP level 6. HP: 52/52 MP: 6/6
  2982 | D:4      | Identified the +0 leather armour of the Butterfly {Dex+2}
  3132 | D:4      | Found a basalt altar of Yredelemnul.
  3135 | D:4      | Found an ancient bone altar of Kikubaaqudgha.
  3137 | D:4      | Found a sacrificial altar of Ru.
  3137 | D:4      | Found a bloodstained altar of Trog.
  3138 | D:4      | Found a stormy altar of Qazlal.
  3144 | D:4      | Found an ornate altar of the Wu Jian Council.
  3145 | D:4      | Found a radiant altar of Vehumet.
  3151 | D:4      | Found a blossoming altar of Fedhas.
  3156 | D:4      | Found a broken altar of Ashenzari.
  3753 | D:4      | Reached skill level 6 in Axes
  4033 | D:5      | Entered Level 5 of the Dungeon
  4230 | D:5      | Found a staircase to the Ecumenical Temple.
  4293 | D:5      | Noticed Dowan
  4313 | D:5      | Killed Dowan
  4314 | D:5      | Reached XP level 7. HP: 37/59 MP: 4/7
  4321 | D:5      | Reached skill level 7 in Axes
  5336 | D:5      | Noticed Duvessa
  5352 | D:5      | Killed Duvessa
  5541 | Temple   | Entered the Ecumenical Temple
  5634 | D:6      | Reached skill level 8 in Axes
  5634 | D:6      | Reached skill level 5 in Armour
  5993 | D:6      | Reached XP level 8. HP: 37/67 MP: 5/8
  5997 | D:6      | Reached skill level 1 in Stealth
  6263 | D:6      | Got the Annotations on Fate
  7282 | D:7      | HP: 3/67 [yak (11)]
  7282 | D:7      | Slain by a yak

Illustrated notes

Levels and vault maps discovered:
D:1:      elethiomel_arrival_quiet, layout_basic
D:2:      layout_basic, shapermc_ecumenical_altar_petra, dreamdust_wishing_well,
          minmay_mini_jars, uniq_sigmund
D:3:      layout_basic, mrwooster_statue_mirror
D:4:      layout_loops_corners, minitemple, hangedman_decor_opposing,
          minivault_23
D:5:      minmay_general_purpose_star, layout_basic, minmay_temple_entry_arrows,
          uniq_duvessa
D:6:      layout_cave_pods
D:7:      layout_basic
Temple:   nicolae_temple_x_marks_the_god

Skill      XL: |  1  2  3  4  5  6  7  8 |
---------------+-------------------------+-----
Axes           | 3 4 5 6 8 |  8.1
Fighting       | 4 |  4.7
Armour         | 4 5 |  5.2
Dodging        | 1 |  1.8
Shields        | 4 |  4.9
Stealth        | 1 |  1.0
Invocations    | |  0.7

Action                     |  1- 3 |  4- 6 |  7- 9 || total
---------------------------+-------+-------+-------++-------
  Melee: War axe           |   126 |   179 |   128 ||   433
 Invoke: Heroism           |       |     4 |     6 ||    10
    Use: Potion            |       |       |     1 ||     1
   Stab: Distracted        |       |     1 |       ||     1
 Armour: Scale mail        |   115 |   143 |    92 ||   350
  Dodge: Dodged            |    57 |    75 |    59 ||   191
  Block: Buckler           |    24 |    39 |    29 ||    92

Table legend: (Time is in decaauts)
 A = Elapsed time spent in this place.
 B = Non-inter-level travel time spent in this place.
 C = Inter-level travel time spent in this place.
 D = Time resting spent in this place.
 E = Time spent auto-exploring this place.
 F = Levels seen in this place.
 G = Mean time per level.
                   A        B        C        D        E       F      G
               +--------+--------+--------+--------+--------+-----+--------+
         Total |   7368 |   7348 |     20 |   1353 |   4065 |   8 |  921.0 |
       Dungeon |   7354 |   7334 |     20 |   1353 |   4065 |   7 | 1050.6 |
        Temple |     13 |     13 |      0 |      0 |      0 |   1 |   13.0 |
               +--------+--------+--------+--------+--------+-----+--------+

Top non-repeatable levels by time:
     D:2: 1587 daAuts
     D:5: 1538 daAuts
     D:6: 1232 daAuts
     D:4: 1193 daAuts
     D:1: 899 daAuts
     D:7: 474 daAuts
     D:3: 428 daAuts
  Temple: 13 daAuts
